 Dungeon Crawl Stone Soup version 0.28-a0-8-g6e044cfa68 (webtiles) character file.

Game seed: 11712608552712825062

10950 Sin92 the Cleaver (level 11, 0/97 HPs)
             Began as a Minotaur Fighter on July 24, 2021.
             Was a High Priest of Okawaru.
             Slain by a skeletal warrior (12 damage)
             ... led by a skeletal warrior
             ... on level 9 of the Dungeon.
             The game lasted 00:14:21 (10628 turns).

Sin92 the Cleaver (Minotaur Fighter)               Turns: 10628, Time: 00:14:22

Health: 0/97       AC: 15    Str: 24    XL:     11   Next: 42%
Magic:  14/14      EV:  9    Int:  5    God:    Okawaru [*****.]
Gold:   560        SH: 16    Dex: 10    Spells: 10/10 levels left

rFire   . . .      SeeInvis .   t - +0 broad axe (elec)
rCold   + . .      Faith    .   c - +0 kite shield
rNeg    . . .      Spirit   .   p - +1 chain mail
rPois   .          Reflect  +   (helmet restricted)
rElec   .          Harm     .   x - +0 cloak
rCorr   +          Rampage  .   n - +0 pair of gloves
Will    .....                   (no boots)
Stlth   ..........              z - amulet of reflection
HPRegen 0.26/turn               l - ring of resist corrosion
MPRegen 0.14/turn               E - ring of protection from cold

@: about to teleport
A: horns 2, retaliatory headbutt
a: Renounce Religion, Heroism, Finesse


You were on level 9 of the Dungeon.
You worshipped Okawaru.
Okawaru was extremely pleased with you.
You visited 1 branch of the dungeon, and saw 10 of its levels.
You visited the Abyss 1 time.

You collected 560 gold pieces.

Inventory:

Hand Weapons
 a - a +1 war axe
 t - a +0 broad axe of electrocution (weapon)
 y - a +2 morningstar of draining
Missiles
 w - 3 throwing nets (quivered)
 H - a curare-tipped dart
Armour
 b - a +0 scale mail
 c - a +0 kite shield (worn)
 g - a +0 chain mail
 n - a +0 pair of gloves (worn)
 p - a +1 chain mail (worn)
 x - a +0 cloak (worn)
 J - a +0 plate armour
Jewellery
 k - a ring of wizardry
 l - a ring of resist corrosion (left hand)
 z - an amulet of reflection (around neck)
 E - a ring of protection from cold (right hand)
 I - a ring of magical power
Wands
 h - a wand of acid (6)
 i - a wand of digging (3)
 q - a wand of flame (25)
 s - a wand of charming (9)
Scrolls
 f - 4 scrolls of identify
 r - 2 scrolls of amnesia
 v - a scroll of magic mapping
 B - 2 scrolls of teleportation
Potions
 d - a potion of cancellation {unknown}
 e - a potion of ambrosia {unknown}
 j - 2 potions of attraction {unknown}
 o - a potion of flight
 u - a potion of mutation
 A - 4 potions of curing
 C - a potion of berserk rage {unknown}
 D - 3 potions of lignification
 G - 2 potions of brilliance {unknown}


   Skills:
 + Level 9.1 Fighting
 * Level 11.9 Axes
 + Level 9.2 Armour
 + Level 7.5 Dodging
 + Level 9.1 Shields
 + Level 6.3 Invocations


You had 10 spell levels left.
You didn't know any spells.
Your spell library contained the following spells:

 Spells                   Type           Power      Damage    Failure   Level
 Foxfire                  Conj/Fire      0%         2x1d4     99%         1
 Freeze                   Ice            0%         1d3       99%         1
 Pain                     Necr           0%         1d4       99%         1
 Static Discharge         Conj/Air       0%         N/A       100%        2
 Conjure Flame            Conj/Fire      0%         6-21      100%        3
 Dazzling Flash           Conj/Hex       0%         N/A       100%        3
 Frozen Ramparts          Ice            0%         1d2       100%        3
 Inner Flame              Hex/Fire       0%         N/A       100%        3
 Ozocubu's Armour         Ice            0%         N/A       100%        3
 Summon Guardian Golem    Hex/Summ       0%         N/A       100%        3
 Animate Dead             Necr           0%         N/A       100%        4
 Hailstorm                Conj/Ice       0%         3d3       100%        4
 Ice Form                 Ice/Tmut       0%         N/A       100%        4
 Iskenderun's Mystic Bla  Conj/Tloc      0%         2d3       100%        4
 Leda's Liquefaction      Hex/Erth       0%         N/A       100%        4
 Summon Ice Beast         Ice/Summ       0%         N/A       100%        4
 Agony                    Necr           0%         N/A       100%        5
 Bolt of Magma            Conj/Fire/Erth 0%         4d4       100%        5
 Borgnjor's Vile Clutch   Necr/Erth      0%         N/A       100%        5
 Excruciating Wounds      Necr           0%         N/A       100%        5
 Lightning Bolt           Conj/Air       0%         1d11      100%        5
 Death Channel            Necr           0%         N/A       100%        6
 Starburst                Conj/Fire      0%         8x6d3     100%        6
 Statue Form              Tmut/Erth      0%         N/A       100%        6
 Orb of Destruction       Conj           0%         N/A       100%        7
 Ozocubu's Refrigeration  Ice            0%         4d5       100%        7
 Spellforged Servitor     Conj/Summ      0%         N/A       100%        7
 Maxwell's Capacitive Co  Air            0%         ∞         100%        8


Dungeon Overview and Level Annotations

Branches:
Dungeon (10/15)            Temple (0/1) D:4
   Lair: D:8-11         Orc: D:9-12

Altars:
Elyvilon
Okawaru
Ru
Trog
Xom

Shops:
D:5 *   D:8 =   D:9 (


Innate Abilities, Weirdness & Mutations

You have a pair of horns on your head.
You reflexively headbutt those who attack you in melee.


Message History

There is a stone staircase leading up here.
You completely miss the skeletal warrior.
The skeletal warrior is moderately damaged.
You block the skeletal warrior's attack.
The skeletal warrior hits you from afar with a +0 halberd!!
You hit the skeletal warrior but do no damage.
Your headbutt misses the skeletal warrior.
The skeletal warrior is moderately damaged.
The skeletal warrior hits you from afar with a +0 halberd.
You hit the skeletal warrior but do no damage.
You closely miss the skeletal warrior.
The skeletal warrior hits you with a +0 war axe.
* * * LOW HITPOINT WARNING * * *
You block the skeletal warrior's attack. x3
You slash the skeletal warrior!
Lightning courses through the skeletal warrior!
The skeletal warrior is heavily damaged.
You hit the skeletal warrior but do no damage.
The skeletal warrior closely misses you.
The skeletal warrior barely misses you.
The skeletal warrior hits you from afar with a +0 glaive!!
* * * LOW HITPOINT WARNING * * *
You block the skeletal warrior's attack.
The skeletal warrior hits you but does no damage. x2
The skeletal warrior hits you from afar with a +0 glaive.
* * * LOW HITPOINT WARNING * * *
You block the skeletal warrior's attack.
You climb upwards.
There is a stone staircase leading down here.
You feel much better.
You block the skeletal warrior's attack. x2
You fail to use your ability.
You block the skeletal warrior's attack.
The skeletal warrior hits you with a +0 war axe!
* * * LOW HITPOINT WARNING * * *
Okay, then.
As you read the scroll of teleportation, it crumbles to dust.
You feel strangely unstable.
The skeletal warrior hits you with a +2 vorpal scimitar!
You die...

####### ......# ......#
......# ......# ......#
......#####################
...............z@z........#
......#.######.##########.#
......#.### #.............#
......#⌠.⌠# #..############
......#.∩.# #[.)........##
#######⌠.⌠# #...###......#
#..## #...# #......# ##..#
#...###......###
##.###..............#


You could see 2 skeletal warriors.

Vanquished Creatures
  Harold (D:7)
  Erolcha (D:9)
  2 two-headed ogres
  A skeletal warrior (D:10)
  Pikel (D:6)
  An ugly thing (D:10)
  Joseph (D:8)
  A dire elephant zombie (Abyss:1)
  Maggie (D:6)
  A hornet (D:9)
  11 yaks
  A wyvern (D:8)
  A steam dragon (D:6)
  A water moccasin (D:8)
  3 sky beasts
  An orc warrior (D:8)
  An ice beast (D:5)
  A hornet zombie (D:8)
  3 ogres
  2 necrophages
  3 centaurs
  A lemure (D:6)
  Blork the orc (D:5)
  A kobold brigand (D:9)
  5 bullfrogs
  6 wights (D:8)
  A howler monkey (D:10)
  3 hounds
  4 orc priests
  A jelly (D:5)
  4 centaur zombies
  A centaur skeleton (D:6)
  Crazy Yiuf (D:5)
  A bullfrog skeleton (D:7)
  An iron imp (Abyss:1)
  5 iguanas
  7 orc wizards
  2 howler monkey zombies
  10 adders
  8 gnolls
  A howler monkey skeleton (D:7)
  A white imp (D:7)
  A worm (D:3)
  2 dart slugs
  25 orcs
  8 endoplasms
  A giant cockroach (D:1)
  4 goblins
  5 hobgoblins
  5 jackals
  11 kobolds
  2 quokkas
  6 ball pythons
  4 bats
  8 frilled lizards
  5 rats
191 creatures vanquished.

Vanquished Creatures (collateral kills)
  A thrashing horror (Abyss:1)
  An ancient zyme (Abyss:1)
2 creatures vanquished.

Grand Total: 193 creatures vanquished

Notes
Turn   | Place    | Note
-------+----------+-------------------------------------------
     0 | D:1      | Sin92 the Minotaur Fighter began the quest for the Orb.
     0 | D:1      | Reached XP level 1. HP: 19/19 MP: 0/0
   187 | D:1      | Reached XP level 2. HP: 27/27 MP: 1/1
   335 | D:1      | Reached skill level 3 in Axes
   964 | D:2      | Reached XP level 3. HP: 33/33 MP: 2/2
  1140 | D:2      | Reached skill level 1 in Dodging
  1254 | D:2      | Found a faded altar of an unknown god.
  1832 | D:3      | You fall into a shaft and drop 2 floors!
  1832 | D:5      | Entered Level 5 of the Dungeon
  1832 | D:5      | Noticed Blork the orc
  1833 | D:5      | Noticed a sky beast
  1839 | D:5      | Killed Blork the orc
  1840 | D:5      | Reached skill level 4 in Axes
  1840 | D:5      | Reached XP level 4. HP: 37/40 MP: 3/3
  1840 | D:5      | Killed a sky beast
  1841 | D:5      | Reached XP level 5. HP: 43/47 MP: 4/4
  2101 | D:4      | Reached XP level 6. HP: 29/53 MP: 5/5
  2614 | D:3      | Found a sacrificial altar of Ru.
  2614 | D:3      | Found a bloodstained altar of Trog.
  3022 | D:3      | Found an iron altar of Okawaru.
  3109 | D:3      | Reached skill level 5 in Axes
  3432 | D:3      | Became a worshipper of Warmaster Okawaru
  3536 | D:4      | Found a staircase to the Ecumenical Temple.
  3744 | D:4      | Identified the +3 leather armour "Osacku" {+Inv rC+ Int+4
                  | SInv}
  3824 | D:4      | Reached skill level 5 in Shields
  4296 | D:5      | Reached skill level 5 in Fighting
  4304 | D:5      | Reached skill level 5 in Armour
  4304 | D:5      | Reached skill level 1 in Invocations
  4305 | D:5      | Reached XP level 7. HP: 53/61 MP: 6/6
  4608 | D:5      | Reached skill level 6 in Axes
  4803 | D:5      | Found a runed translucent door.
  4804 | D:5      | Noticed Crazy Yiuf
  4849 | D:5      | Reached * piety under Okawaru
  4948 | D:5      | Found Uttaih's Gadget Gallery.
  5012 | D:5      | Found a shimmering altar of Xom.
  5204 | D:5      | Killed Crazy Yiuf
  5332 | D:6      | Reached XP level 8. HP: 63/69 MP: 8/8
  5494 | D:6      | Noticed Pikel
  5522 | D:6      | Killed Pikel
  5522 | D:6      | Reached ** piety under Okawaru
  5523 | D:6      | Reached skill level 7 in Axes
  5856 | D:6      | Identified the +2 leather armour of Eternity {rF- Str+3
                  | Dex+5}
  6224 | D:6      | Reached skill level 8 in Axes
  6434 | D:6      | Noticed Maggie
  6718 | D:6      | Killed Maggie
  6719 | D:6      | Reached XP level 9. HP: 33/78 MP: 8/10
  7060 | D:7      | Noticed Harold
  7081 | D:7      | Killed Harold
  7081 | D:7      | Reached *** piety under Okawaru
  7082 | D:7      | Reached skill level 9 in Axes
  7082 | D:7      | Reached skill level 5 in Dodging
  7681 | D:7      | Reached **** piety under Okawaru
  8296 | D:8      | Reached XP level 10. HP: 66/86 MP: 12/12
  8520 | D:8      | Found a white marble altar of Elyvilon.
  8537 | D:8      | Reached skill level 10 in Axes
  8546 | D:8      | Reached skill level 5 in Invocations
  8649 | D:8      | Found Rodalias's Jewellery Shop.
  8720 | D:8      | Noticed Joseph
  8730 | D:8      | Killed Joseph
  8730 | D:8      | Reached ***** piety under Okawaru
  8832 | D:8      | Noticed a two-headed ogre
  8847 | D:8      | Killed a two-headed ogre
  9307 | D:9      | Noticed a two-headed ogre
  9312 | D:9      | Killed a two-headed ogre
  9313 | D:9      | Reached skill level 11 in Axes
  9379 | D:9      | Paralysed by a hornet for 3 turns
  9586 | D:9      | Found Ellaompo's Weapon Boutique.
  9620 | D:9      | Noticed Erolcha
  9621 | D:9      | Cast into level 1 of the Abyss (Erolcha)
  9621 | Abyss:1  | Found a corrupted altar of Lugonu.
  9646 | Abyss:1  | Noticed a thrashing horror
  9650 | Abyss:1  | Killed a thrashing horror
  9651 | Abyss:1  | Reached XP level 11. HP: 68/95 MP: 14/14
  9653 | Abyss:1  | Received a gift from Okawaru
  9685 | Abyss:1  | Found a corrupted altar of Lugonu.
  9711 | D:9      | Escaped the Abyss
  9719 | D:9      | Killed Erolcha
 10506 | D:10     | Entered Level 10 of the Dungeon
 10543 | D:10     | Noticed a cyan ugly thing
 10553 | D:10     | Killed a cyan ugly thing
 10605 | D:10     | Noticed a skeletal warrior
 10607 | D:10     | Noticed a skeletal warrior
 10607 | D:10     | Noticed a skeletal warrior
 10607 | D:10     | Noticed a skeletal warrior
 10614 | D:10     | Killed a skeletal warrior
 10618 | D:10     | Noticed a skeletal warrior
 10624 | D:10     | HP: 1/97 [skeletal warrior[a skeletal warrior] (6)]
 10628 | D:9      | Slain by a skeletal warrior

Illustrated notes

Levels and vault maps discovered:
D:1:      dpeg_arrival_refuge, layout_basic, minmay_misc_feat_iff
D:2:      layout_basic, ebering_ecumenical_altar_webs, minmay_tromino_v2
D:3:      minmay_wonky_spiral, layout_basic, okawaru_trees_1,
          jmf_multi_god_temple
D:4:      kennysheep_big_flooded_room, layout_cave_pools,
          minmay_temple_entry_mini_moons, nrook_mini_vaults
D:5:      layout_cave_pools, mainiacjoe_overflow_24_doors, nicolae_shop_gadgets,
          uniq_blork_the_orc, uniq_crazy_yiuf_cottage
D:6:      layout_cave_pools, serial_column_ruins, column_ruins_columns_dead_end,
          column_ruins_columns_straight, column_ruins_columns_corner,
          column_ruins_grid_1, column_ruins_columns_straight,
          column_ruins_open_small, minmay_misc_feat_nine_boxes,
          kennysheep_windowed_goal, uniq_pikel, uniq_maggie
D:7:      layout_rooms, uniq_harold
D:8:      layout_basic, kennysheep_mini, serial_shops, shop_fountains,
          uniq_joseph
D:9:      layout_basic, serial_shops, shop_fountains, uniq_erolcha
D:10:     layout_gridville, zin_scriptorium, dpeg_lair_monsters, orc_0_dummy,
          minivault_1, kb_rosetta

Skill      XL: |  1  2  3  4  5  6  7  8  9 10 11 |
---------------+----------------------------------+-----
Axes           | 3 4 5 6 8 9 11 | 11.9
Armour         | 4 5 6 7 8 9 |  9.2
Dodging        | 1 2 3 4 5 6 7 |  7.5
Shields        | 4 5 6 7 8 9 |  9.1
Fighting       | 4 5 6 7 8 9 |  9.1
Invocations    | 1 2 3 4 5 6 |  6.3

Action                   |  1- 3 |  4- 6 |  7- 9 | 10-12 || total
-------------------------+-------+-------+-------+-------++-------
Melee: War axe           |    75 |   111 |   243 |       ||   429
       Headbutt          |    10 |    18 |    49 |    34 ||   111
       Broad axe         |       |       |    15 |   158 ||   173
Invok: Heroism           |       |       |     2 |     1 ||     3
       Finesse           |       |       |       |     1 ||     1
  Use: Potion            |     1 |       |     5 |     3 ||     9
       Scroll            |       |     4 |    10 |     5 ||    19
Armor: Scale mail        |     9 |       |       |       ||     9
       Chain mail        |    24 |    42 |   109 |    54 ||   229
Dodge: Dodged            |    30 |    25 |    69 |    29 ||   153
Block: Kite shield       |    40 |    69 |   162 |   134 ||   405
       Reflection        |       |       |     3 |     5 ||     8

Table legend: (Time is in decaauts)
 A = Elapsed time spent in this place.
 B = Non-inter-level travel time spent in this place.
 C = Inter-level travel time spent in this place.
 D = Time resting spent in this place.
 E = Time spent auto-exploring this place.
 F = Levels seen in this place.
 G = Mean time per level.
                   A        B        C        D        E       F      G
               +--------+--------+--------+--------+--------+-----+--------+
         Total |  10812 |  10381 |    431 |   1280 |   7416 |  11 |  982.9 |
       Dungeon |  10720 |  10289 |    431 |   1280 |   7400 |  10 | 1072.0 |
         Abyss |     91 |     91 |      0 |      0 |     16 |   1 |   91.0 |
               +--------+--------+--------+--------+--------+-----+--------+

Top non-repeatable levels by time:
     D:6: 1768 daAuts
     D:9: 1338 daAuts
     D:3: 1236 daAuts
     D:4: 1174 daAuts
     D:5: 1154 daAuts
     D:8: 1123 daAuts
     D:2: 991 daAuts
     D:7: 936 daAuts
     D:1: 873 daAuts
    D:10: 123 daAuts
 Abyss:1: 91 daAuts
